[Event "FIDE WCCC U8 2018"]
[Site "Santiago de Compostela"]
[Date "2018.11.13"]
[Round "9"]
[White "Gordeev, Denis"]
[Black "Hajdu, Marton Abris"]
[Result "1-0"]
[ECO "B20"]
[WhiteElo "1553"]
[BlackElo "1755"]
[Annotator "NA RC"]
[PlyCount "79"]
[EventDate "2018.11.04"]
[EventType "swiss"]
[EventCountry "ESP"]
[SourceTitle "playchess.com"]
[Source "ChessBase"]
[SourceQuality "1"]
[TimeControl "40/5400+30:1800+30"]

1. e4 c5 2. b4 cxb4 3. a3 d5 4. exd5 Qxd5 5. Nf3 Bg4 6. axb4 Bxf3 7. Qxf3 Qe5+ 8. Kd1 Nc6 9. Nc3 Nf6 10. h3 e6 11. b5 Nd4 12. Qxb7 Rb8 13. Qxa7 Bd6 14. Bb2 Bc5 15. Qa4 Qh5+ 16. Ne2 Rd8 17. b6+ Ke7 18. Ba3 Ne4 19. g4 Qd5 20. Nxd4 Nxf2+ 21. Kc1 Nxh1 22. Nc6+ Kf6 23. Bb2+ Kg6 24. Bd3+ Kg5 25. Nxd8 Rxd8 26. h4+ Kxh4 27. Qf4 Ng3 28. Be5 Qh1+ 29. Kb2 Ba3+ 30. Rxa3 Qg2 31. g5+ Kh5 32. Qxg3 Qxg3 33. Bxg3 Kxg5 34. b7 e5 35. Bxe5 Rxd3 36. Rxd3 Kf5 37. b8=Q h5 38. Rf3+ Ke4 39. Rf4+ Kd5 40. Qd6# {[%emt 0:00:00] Ke4} 1-0

[Event "FIDE WCCC U8 2018"]
[Site "Santiago de Compostela"]
[Date "2018.11.13"]
[Round "9"]
[White "Chennareddy, Yuvraj"]
[Black "Chen, Ryo"]
[Result "1-0"]
[ECO "A45"]
[WhiteElo "1497"]
[BlackElo "1573"]
[Annotator "NA RC"]
[PlyCount "83"]
[EventDate "2018.11.04"]
[EventType "swiss"]
[EventCountry "ESP"]
[SourceTitle "playchess.com"]
[Source "ChessBase"]
[SourceQuality "1"]
[TimeControl "40/5400+30:1800+30"]

1. d4 Nf6 2. g3 g6 3. Bg2 Bg7 4. e4 d6 5. Nc3 O-O 6. Nge2 c6 7. O-O b5 8. e5 dxe5 9. dxe5 Nfd7 10. Nxb5 Qb6 11. e6 Qxb5 12. exd7 Bxd7 13. a4 Qb7 14. Nc3 Na6 15. Qe2 Be6 16. Bd2 Nb4 17. Rac1 Nd5 18. Nxd5 Bxd5 19. Bxd5 cxd5 20. b4 Rac8 21. Rfe1 e6 22. c4 dxc4 23. Rxc4 Rxc4 24. Qxc4 Qd7 25. Qa2 Rd8 26. Be3 Bc3 27. Rb1 Qb7 28. b5 Rd7 29. Qb3 Ba5 30. Rd1 Bb6 31. Rxd7 Qxd7 32. Bxb6 axb6 33. a5 bxa5 34. b6 a4 35. Qb4 Qb7 36. Qc5 Qd7 37. h4 a3 38. Qxa3 Qd1+ 39. Kg2 Qd5+ 40. Qf3 Qb5 41. Qa8+ Kg7 42. b7 1-0

[Event "FIDE WCCC U8 2018"]
[Site "Santiago de Compostela"]
[Date "2018.11.13"]
[Round "9"]
[White "Lafkidis, Apostolos"]
[Black "Golovchenko, Bogdan"]
[Result "0-1"]
[ECO "C45"]
[WhiteElo "1144"]
[BlackElo "1556"]
[Annotator "NA RC"]
[PlyCount "168"]
[EventDate "2018.11.04"]
[EventType "swiss"]
[EventCountry "ESP"]
[SourceTitle "playchess.com"]
[Source "ChessBase"]
[SourceQuality "1"]
[TimeControl "40/5400+30:1800+30"]

1. e4 e5 2. Nf3 Nc6 3. d4 exd4 4. Nxd4 Bc5 5. Be3 Qf6 6. c3 Nge7 7. Qd2 O-O 8. Bc4 Ne5 9. Bb3 Qg6 10. f3 b6 11. O-O Ba6 12. Ne2 Qd6 13. Bxc5 Qxc5+ 14. Kh1 Nd3 15. h3 Ng6 16. Na3 Nf2+ 17. Kh2 Ne5 18. Bc2 Ned3 19. Bxd3 Nxd3 20. Nc2 Qd6+ 21. Kg1 f5 22. exf5 Rxf5 23. Ncd4 Rh5 24. b3 c5 25. Nc2 c4 26. Nb4 Qc5+ 27. Nd4 Nxb4 28. cxb4 Qd6 29. Rfd1 Rd5 30. b5 c3 31. Qxc3 Bxb5 32. Rd2 Ba6 33. Rad1 Rc8 34. Qe3 Bb7 35. Nf5 Rxd2 36. Qxd2 Qc5+ 37. Ne3 Re8 38. Re1 d5 39. Kh1 d4 40. Nc2 Rxe1+ 41. Qxe1 h6 42. Qd2 Qc3 43. Qd1 d3 44. Ne3 d2 45. Qe2 Qxe3 46. Qxe3 d1=Q+ 47. Kh2 Qd6+ 48. Kg1 Qc5 49. Qxc5 bxc5 50. Kf2 Kf7 51. Ke3 Ke6 52. g4 g5 53. f4 Bg2 54. fxg5 hxg5 55. Kf2 Bxh3 56. Kf3 Ke5 57. Kg3 Bf1 58. Kf2 Bd3 59. Ke3 Bb1 60. a3 Ba2 61. b4 cxb4 62. axb4 a6 63. Kd3 Bd5 64. Ke3 Bc4 65. Kf3 Kd4 66. Kf2 Ke4 67. Kg3 Ke3 68. Kg2 Kf4 69. Kh3 Kf3 70. Kh2 Kxg4 71. Kg2 Bd5+ 72. Kh2 Kf3 73. Kh3 Be6+ 74. Kh2 g4 75. Kh1 g3 76. Kg1 Bc4 77. Kh1 g2+ 78. Kg1 Be6 79. b5 axb5 80. Kh2 b4 81. Kg1 b3 82. Kh2 b2 83. Kg1 b1=Q+ 84. Kh2 Qh1# 0-1

[Event "FIDE WCCC U8 2018"]
[Site "Santiago de Compostela"]
[Date "2018.11.14"]
[Round "10"]
[White "Begmuratov, Khumoyun"]
[Black "Finek, Vaclav"]
[Result "1-0"]
[ECO "B27"]
[WhiteElo "1880"]
[BlackElo "1942"]
[Annotator "NA RC"]
[PlyCount "115"]
[EventDate "2018.11.04"]
[EventType "swiss"]
[EventCountry "ESP"]
[SourceTitle "playchess.com"]
[Source "ChessBase"]
[SourceQuality "1"]
[TimeControl "40/5400+30:1800+30"]

1. e4 c5 2. Nf3 g6 3. d4 cxd4 4. Nxd4 Bg7 5. Nc3 Nc6 6. Nb3 Nf6 7. Be2 O-O 8. O-O d6 9. Re1 Bd7 10. Bf1 Rc8 11. Nd5 Nxd5 12. exd5 {[%emt 0:00:30] LiveBook: 6 Games} Ne5 13. c3 Re8 14. Bg5 (14. Bf4 ) 14... b5 15. Nd4 Qb6 16. Qb3 Rb8 17. Rad1 b4 18. f4 bxc3 19. Qxb6 Rxb6 20. bxc3 Ng4 21. Bxe7 Bf6 22. Bxf6 Rxe1 23. Rxe1 Nxf6 24. c4 Rb2 25. a3 Kf8 26. Re3 Ba4 27. h3 h5 28. g3 Ne8 (28... Bd7 $11) 29. f5 g5 30. Nf3 f6 31. Nd4 Bd7 32. g4 h4 33. Be2 Kf7 34. Kf2 Rb8 35. Nb3 Rc8 36. Rc3 Ba4 37. Nd2 Ke7 38. Ne4 Bd7 39. Ke3 Nc7 40. Kd4 Ne8 41. c5 dxc5+ 42. Nxc5 Rb8 43. Re3+ Kd8 44. Re6 $4 (44. Ne6+ $18 {and life is good for White.} Bxe6 45. fxe6) 44... Rb2 $4 (44... Bxe6 $19 {avoids the disaster.} 45. fxe6 Rb2) 45. Nxd7 Kxd7 46. Bc4 Rc2 47. Ra6 Rc3 48. Rxa7+ Kd8 49. d6 Rxc4+ 50. Kxc4 Nxd6+ 51. Kd5 $18 (51. Kc5 ) 51... Nb5 52. Rb7 Nc3+ 53. Ke6 Ne4 54. Rf7 (54. Rb4 Nf2 55. a4 Nxh3 56. Kxf6) 54... Nf2 55. Kxf6 Nxh3 56. Rh7 Ke8 57. a4 Kd8 58. a5 1-0

[Event "FIDE WCCC U8 2018"]
[Site "Santiago de Compostela"]
[Date "2018.11.14"]
[Round "10"]
[White "Zverev, Lev"]
[Black "Chennareddy, Yuvraj"]
[Result "1/2-1/2"]
[ECO "C54"]
[WhiteElo "1723"]
[BlackElo "1497"]
[Annotator "NA RC"]
[PlyCount "154"]
[EventDate "2018.11.04"]
[EventType "swiss"]
[EventCountry "ESP"]
[SourceTitle "playchess.com"]
[Source "ChessBase"]
[SourceQuality "1"]
[TimeControl "40/5400+30:1800+30"]

1. e4 e5 2. Nf3 Nc6 3. Bc4 Bc5 4. c3 Nf6 5. d3 O-O 6. Bb3 d5 7. Qe2 h6 8. h3 Re8 9. Nbd2 d4 10. Nf1 Be6 11. Ng3 Qd7 12. O-O Kh7 13. Nh4 dxc3 14. bxc3 g6 15. Kh2 Qe7 16. Bxe6 fxe6 17. Be3 Bb6 18. Nf3 g5 19. Nd2 Red8 20. Nc4 Rd7 21. Rad1 Rad8 22. Rd2 Bxe3 23. fxe3 b5 24. Na3 b4 25. Nb1 bxc3 26. Nxc3 Nb4 27. Rfd1 Qc5 28. Na4 Qa5 29. Nb2 Kg6 30. d4 exd4 31. exd4 Kg7 32. Nc4 Qa6 33. Ne5 Qxe2 34. Nxe2 Rd6 35. Ng3 c5 36. Nc4 Rxd4 37. Rxd4 Rxd4 38. Rxd4 cxd4 39. a3 Nc2 40. e5 Nd5 41. Ne4 Nde3 42. Ned2 Nxc4 43. Nxc4 d3 44. a4 Kg6 45. g4 Kf7 46. Kg3 Ke7 47. Kf3 Ne1+ 48. Ke3 Ng2+ 49. Kxd3 Nf4+ 50. Kd4 Nxh3 51. Kc5 Nf2 52. Ne3 Nd3+ 53. Kd4 Nf2 54. Kc5 Kd7 55. Kb5 Kc7 56. Ka6 Kb8 57. Kb5 Kb7 58. Kc5 Kc7 59. Kb5 Ne4 60. Ka6 Nc5+ 61. Kb5 Nd3 62. Nc4 Nf2 63. Ne3 Nd3 64. Nc4 Nf4 65. Ka6 h5 66. gxh5 Nxh5 67. Kxa7 g4 68. Ne3 g3 69. Ng2 Ng7 70. Nf4 Kc8 71. Kb6 Ne8 72. a5 Nc7 73. Kc6 Na6 74. Kd6 Nc7 75. Ng2 Kd8 76. Nf4 Kc8 77. Kc6 Kb8 1/2-1/2

[Event "FIDE WCCC U8 2018"]
[Site "Santiago de Compostela"]
[Date "2018.11.14"]
[Round "10"]
[White "Azadaliyev, Jahandar"]
[Black "Gordeev, Denis"]
[Result "1-0"]
[ECO "A42"]
[WhiteElo "1674"]
[BlackElo "1553"]
[Annotator "NA RC"]
[PlyCount "125"]
[EventDate "2018.11.04"]
[EventType "swiss"]
[EventCountry "ESP"]
[SourceTitle "playchess.com"]
[Source "ChessBase"]
[SourceQuality "1"]
[TimeControl "40/5400+30:1800+30"]

1. d4 g6 2. c4 Bg7 3. Nc3 d6 4. e4 e5 5. d5 Nd7 6. g3 Nh6 7. Bg2 O-O 8. Nge2 f5 9. Qc2 a5 10. h3 Nc5 11. Be3 Nxe4 12. Nxe4 fxe4 13. g4 Nf7 14. Qd2 Bf6 15. Ng3 Ng5 16. Nxe4 Nxe4 17. Bxe4 Bd7 18. a4 c6 19. O-O Qc7 20. b3 Kh8 21. Rad1 Rad8 22. f3 Rf7 23. Qf2 c5 24. h4 Rdf8 25. Kg2 Qc8 26. Qg3 Qe8 27. Rh1 Rg8 28. g5 Bd8 29. h5 Bf5 30. hxg6 Bxg6 31. Rh6 Rd7 32. Bxg6 Rxg6 33. Rdh1 Qg8 34. Rxg6 Qxg6 35. Rh6 Qg8 36. Kf2 b6 37. Rxd6 Rg7 38. Rh6 Bxg5 39. Qxe5 Bxh6 40. Bxh6 Qf8 41. Bxg7+ Qxg7 42. Qxg7+ Kxg7 43. Kg3 Kf7 44. Kh4 Kf6 45. Kh5 Kf5 46. Kh6 Kf6 47. Kxh7 Kf7 48. f4 Kf6 49. Kg8 Ke7 50. Kg7 Kd7 51. f5 Ke7 52. f6+ Kd6 53. f7 Ke5 54. f8=Q Kd4 55. Qf3 Ke5 56. Kg6 Kd6 57. Qf6+ Kd7 58. Kf7 Kc7 59. Qc6+ Kb8 60. d6 Ka7 61. d7 Kb8 62. d8=Q+ Ka7 63. Qda8# 1-0

[Event "FIDE WCCC U8 2018"]
[Site "Santiago de Compostela"]
[Date "2018.11.14"]
[Round "10"]
[White "Udipi, Kala Kishan"]
[Black "Lu, Miaoyi"]
[Result "0-1"]
[ECO "D18"]
[WhiteElo "1653"]
[BlackElo "1717"]
[Annotator "NA RC"]
[PlyCount "114"]
[EventDate "2018.11.04"]
[EventType "swiss"]
[EventCountry "ESP"]
[SourceTitle "playchess.com"]
[Source "ChessBase"]
[SourceQuality "1"]
[TimeControl "40/5400+30:1800+30"]

1. d4 d5 2. Nf3 Nf6 3. c4 c6 4. Nc3 dxc4 5. a4 Bf5 6. e3 e6 7. Bxc4 Bb4 8. O-O Nbd7 9. Qe2 Bg6 10. e4 O-O 11. Bd3 Re8 12. e5 Nd5 13. Nxd5 cxd5 14. Bxg6 hxg6 15. Qb5 a5 16. Bd2 Bxd2 17. Nxd2 b6 18. Rac1 Rc8 19. Rc6 Rxc6 20. Qxc6 Qc8 21. Rc1 Qxc6 22. Rxc6 Kf8 23. Nb1 Ke7 24. Nc3 g5 25. Nb5 Rb8 26. Nc7 Kd8 27. Nb5 Ke7 28. Nc7 Kd8 29. Nb5 Ke7 30. h3 f6 31. Nc7 Nf8 32. Rc3 fxe5 33. dxe5 Nd7 34. Rg3 Nxe5 35. Rxg5 Kf6 36. Rg3 Rc8 37. Rc3 Nc4 38. Na6 Ke5 39. b3 Nd6 40. Rxc8 Nxc8 41. Nc7 g5 42. Kf1 Kd6 43. Ne8+ Kc5 44. Nc7 Kb4 45. Nxe6 Kxb3 46. Nxg5 Kxa4 47. h4 Kb3 48. h5 a4 49. h6 Ne7 50. h7 Ng6 51. f4 a3 52. f5 Nh8 53. f6 a2 54. f7 a1=Q+ 55. Kf2 Qf6+ 56. Kg1 d4 57. g4 d3 0-1

[Event "FIDE WCCC U8 2018"]
[Site "Santiago de Compostela"]
[Date "2018.11.14"]
[Round "10"]
[White "Marrujo Pardo, Mauricio Emmanuel"]
[Black "Kiaan Agrawal"]
[Result "1-0"]
[ECO "B35"]
[WhiteElo "1584"]
[BlackElo "1281"]
[Annotator "NA RC"]
[PlyCount "133"]
[EventDate "2018.11.04"]
[EventType "swiss"]
[EventCountry "ESP"]
[SourceTitle "playchess.com"]
[Source "ChessBase"]
[SourceQuality "1"]
[TimeControl "40/5400+30:1800+30"]

1. e4 c5 2. Nf3 g6 3. d4 cxd4 4. Nxd4 Nc6 5. Nc3 Bg7 6. Be3 Nf6 7. Bc4 Qa5 8. O-O O-O 9. Bb3 d6 10. Qe2 Ng4 11. Nxc6 bxc6 12. Bd2 Bd7 13. Qe1 Qc7 14. h3 Nf6 15. Na4 c5 16. c4 Be6 17. Bc3 Nd7 18. f4 Bxc3 19. Nxc3 Nb6 20. Nd5 Nxd5 21. cxd5 Bd7 22. e5 Qb6 23. Qf2 Bb5 24. Rfc1 Rac8 25. Bc4 Bxc4 26. Rxc4 Qb7 27. Rd1 Rfd8 28. b3 Rc7 29. Qf3 Rcd7 30. e6 fxe6 31. dxe6 Qxf3 32. gxf3 Rc7 33. Rd5 Rdc8 34. f5 Kg7 35. fxg6 hxg6 36. Rf4 Rf8 37. Rxf8 Kxf8 38. Rg5 Kg7 39. Rg4 Kf6 40. Kf2 Kxe6 41. Rxg6+ Kf7 42. Rg4 Rc6 43. Ra4 a6 44. Ke3 Ke6 45. h4 Kf5 46. Rg4 d5 47. Rg5+ Kf6 48. Rxd5 c4 49. bxc4 Rxc4 50. Rd4 Rc5 51. Ra4 a5 52. Kf4 Rb5 53. a3 Rc5 54. Kg4 Kg6 55. Re4 Kf6 56. f4 Rc3 57. a4 Rc5 58. Re5 Rxe5 59. fxe5+ Kg6 60. h5+ Kh6 61. e6 Kg7 62. Kg5 Kh7 63. h6 Kg8 64. Kg6 Kh8 65. Kf7 Kh7 66. Kxe7 Kxh6 67. Kf6 1-0

[Event "FIDE WCCC U8 2018"]
[Site "Santiago de Compostela"]
[Date "2018.11.14"]
[Round "10"]
[White "Chen, Ryo"]
[Black "Mamedov, Edgar"]
[Result "0-1"]
[ECO "B01"]
[WhiteElo "1573"]
[BlackElo "1599"]
[Annotator "NA RC"]
[PlyCount "78"]
[EventDate "2018.11.04"]
[EventType "swiss"]
[EventCountry "ESP"]
[SourceTitle "playchess.com"]
[Source "ChessBase"]
[SourceQuality "1"]
[TimeControl "40/5400+30:1800+30"]

1. e4 d5 2. exd5 Qxd5 3. Nc3 Qd8 4. d4 Nf6 5. Nf3 Bg4 6. h3 Bxf3 7. Qxf3 c6 8. Be3 e6 9. Bd3 Nbd7 10. O-O-O Bb4 11. Ne2 Qc7 12. g4 Nd5 13. c4 Nxe3 14. fxe3 h6 15. Rhf1 Rf8 16. Ng3 O-O-O 17. c5 Bxc5 18. Nh5 g6 19. Nf6 Nxf6 20. Qxf6 Be7 21. Qg7 Bg5 22. Rf3 Qd7 23. Kb1 Qe8 24. Bc4 f6 25. h4 Rg8 26. Qh7 Rd7 27. Qxg8 Qxg8 28. hxg5 f5 29. gxf5 gxf5 30. gxh6 Rh7 31. e4 Rxh6 32. exf5 Qg4 33. Rdf1 exf5 34. Rf4 Qg2 35. Rxf5 Rh2 36. Rf8+ Kc7 37. R8f2 Qe4+ 38. Kc1 Rxf2 39. Rxf2 Qe1+ 0-1

[Event "FIDE WCCC U8 2018"]
[Site "Santiago de Compostela"]
[Date "2018.11.14"]
[Round "10"]
[White "Golovchenko, Bogdan"]
[Black "Lakshyesh Mohan Gupta"]
[Result "1-0"]
[ECO "B01"]
[WhiteElo "1556"]
[BlackElo "1060"]
[Annotator "NA RC"]
[PlyCount "53"]
[EventDate "2018.11.04"]
[EventType "swiss"]
[EventCountry "ESP"]
[SourceTitle "playchess.com"]
[Source "ChessBase"]
[SourceQuality "1"]
[TimeControl "40/5400+30:1800+30"]

1. e4 d5 2. exd5 Nf6 3. d4 Bg4 4. f3 Bf5 5. c4 e6 6. dxe6 Bxe6 7. Nc3 Qe7 8. Be2 Nc6 9. d5 O-O-O 10. Bd2 Nd4 11. dxe6 Qxe6 12. Qa4 Bb4 13. O-O-O Bxc3 14. Bxc3 Nxe2+ 15. Nxe2 Qe3+ 16. Bd2 Qxe2 17. Qxa7 Qxc4+ 18. Bc3 Nd7 19. Rd2 Nb6 20. Rc2 Qf4+ 21. Bd2 Qf5 22. Ba5 Kd7 23. Bxb6 cxb6 24. Qxb7+ Ke8 25. Re1+ Kf8 26. Qe7+ Kg8 27. Qxd8# 1-0

[Event "FIDE WCCC U8 2018"]
[Site "Santiago de Compostela"]
[Date "2018.11.14"]
[Round "10"]
[White "Jaakkola, Niklas"]
[Black "Usov, Aleksandr E."]
[Result "0-1"]
[ECO "B13"]
[WhiteElo "1469"]
[BlackElo "1640"]
[Annotator "NA RC"]
[PlyCount "74"]
[EventDate "2018.11.04"]
[EventType "swiss"]
[EventCountry "ESP"]
[SourceTitle "playchess.com"]
[Source "ChessBase"]
[SourceQuality "1"]
[TimeControl "40/5400+30:1800+30"]

1. e4 c6 2. d4 d5 3. exd5 cxd5 4. c4 Nf6 5. Bg5 Ne4 6. Bf4 e6 7. Nf3 Bb4+ 8. Nbd2 Nxd2 9. Bxd2 Bxd2+ 10. Qxd2 dxc4 11. Bxc4 O-O 12. O-O Nd7 13. Rac1 Nf6 14. Bd3 b6 15. b3 Bb7 16. Be2 Qd6 17. Rfd1 Rfd8 18. Ne5 Rac8 19. Bf3 Bd5 20. Bxd5 Nxd5 21. Nf3 Qf4 22. Qxf4 Nxf4 23. Kf1 Nd5 24. a3 Nc3 25. Rd2 Nb5 26. Rxc8 Rxc8 27. a4 Rc1+ 28. Ke2 Nc3+ 29. Kd3 Nd5 30. g3 Rc3+ 31. Ke2 Rxb3 32. Rc2 g6 33. Nd2 Ra3 34. Rc4 Nc3+ 35. Kd3 Nxa4+ 36. Kc2 b5 37. Rb4 a6 0-1

[Event "FIDE WCCC U8 2018"]
[Site "Santiago de Compostela"]
[Date "2018.11.14"]
[Round "10"]
[White "Chen, Zhiyuan"]
[Black "Balint, Peter"]
[Result "1-0"]
[ECO "A06"]
[WhiteElo "1459"]
[BlackElo "1563"]
[Annotator "NA RC"]
[PlyCount "77"]
[EventDate "2018.11.04"]
[EventType "swiss"]
[EventCountry "ESP"]
[SourceTitle "playchess.com"]
[Source "ChessBase"]
[SourceQuality "1"]
[TimeControl "40/5400+30:1800+30"]

1. Nf3 d5 2. g3 Nf6 3. Bg2 e6 4. O-O Be7 5. d4 O-O 6. c4 dxc4 7. Ne5 c6 8. Nxc4 Nd5 9. e4 Nb6 10. Ne3 N8d7 11. Nc3 Re8 12. b3 e5 13. d5 cxd5 14. Ncxd5 Nxd5 15. Nxd5 Nf6 16. Bb2 Nxd5 17. exd5 Bf6 18. Be4 g6 19. Re1 Bg7 20. Qd2 f5 21. Bg2 Rb8 22. d6 Bd7 23. Bxe5 Bxe5 24. Qd5+ Kg7 25. Rxe5 Bc6 26. Rxe8 Qxe8 27. Qd4+ Kg8 28. Bf1 Qe4 29. Bc4+ Bd5 30. Bxd5+ Qxd5 31. Qxd5+ Kg7 32. d7 Rd8 33. Re1 Kf8 34. Qd6+ Kg7 35. Qe7+ Kh6 36. Qh4+ Kg7 37. Re7+ Kf8 38. Qf6+ Kg8 39. Qg7# {[%emt 0:00:07] Ra8} 1-0

[Event "FIDE WCCC U8 2018"]
[Site "Santiago de Compostela"]
[Date "2018.11.14"]
[Round "10"]
[White "Levitan, Caleb Levi"]
[Black "Nurgaliyev, Sauat"]
[Result "0-1"]
[ECO "B30"]
[WhiteElo "1087"]
[BlackElo "1764"]
[Annotator "NA RC"]
[PlyCount "100"]
[EventDate "2018.11.04"]
[EventType "swiss"]
[EventCountry "ESP"]
[SourceTitle "playchess.com"]
[Source "ChessBase"]
[SourceQuality "1"]
[TimeControl "40/5400+30:1800+30"]

1. e4 c5 2. Nf3 Nc6 3. d3 g6 4. Be2 Bg7 5. O-O e6 6. Nbd2 Nge7 7. Rb1 O-O 8. b3 d5 9. Bb2 d4 10. Ba3 b6 11. h3 e5 12. Nh2 f5 13. exf5 gxf5 14. Bf3 Nd5 15. Bxd5+ Qxd5 16. Qf3 Qe6 17. Rfe1 Rf6 18. Nc4 Rb8 19. Qe2 Rg6 20. Nf3 Bb7 21. Kh2 b5 22. Ncd2 b4 23. Bc1 Ne7 24. Nc4 Nd5 25. Bd2 Re8 26. Rg1 e4 27. Nh4 Rf6 28. Bg5 Rff8 29. Rbe1 h6 30. Bd2 Nf6 31. Ng6 Ng4+ 32. hxg4 Qxg6 33. Qd1 fxg4 34. Rh1 Rxf2 35. Na5 Qd6+ 36. Kg1 Qg3 37. Rh2 Ba8 38. Rf1 Ref8 39. Re1 e3 40. Re2 exd2 41. Rxd2 Rf1+ 42. Qxf1 Rxf1+ 43. Kxf1 Qxh2 44. Re2 Qh1+ 45. Kf2 Qxg2+ 46. Ke1 Qg1+ 47. Kd2 h5 48. Re6 Bh6+ 49. Rxh6 Qe3+ 50. Kd1 Bf3# 0-1

[Event "FIDE WCCC U8 2018"]
[Site "Santiago de Compostela"]
[Date "2018.11.15"]
[Round "11"]
[White "Finek, Vaclav"]
[Black "Yonal, Timur"]
[Result "1-0"]
[ECO "D30"]
[WhiteElo "1942"]
[BlackElo "1524"]
[Annotator "NA"]
[PlyCount "65"]
[EventDate "2018.11.04"]
[EventType "swiss"]
[EventCountry "ESP"]
[SourceTitle "playchess.com"]
[Source "ChessBase"]
[SourceQuality "1"]
[TimeControl "40/5400+30:1800+30"]

1. d4 d5 2. c4 e6 3. Nf3 Nf6 4. e3 Be7 5. Bd3 dxc4 6. Bxc4 c5 7. O-O O-O 8. Nc3 a6 9. Bd3 {[%emt 0:06:36] LiveBook: 6 Games D37: Queen's Gambit Declined: 5 Bf4} (9. Qe2 b5 10. Bb3 Bb7 11. Rd1 Nbd7 12. e4 b4 13. d5 bxc3 14. dxe6 fxe6 15. Ng5 Qb6 16. Bxe6+ Kh8 17. Bxd7 h6 18. Ne6 Rf7 19. bxc3 Bxe4 {1-0 (39) Cori Tello,J (2657)-Rambaldi,F (2574) Saint Louis 2017}) 9... b5 10. Ne4 $146 ({Predecessor:} 10. a3 Nbd7 11. Qe2 Bb7 12. Rd1 Qb6 13. Bc2 Rfd8 14. h3 Rac8 15. e4 cxd4 16. Rxd4 Qc7 17. Be3 Bc5 18. Rd2 Bxe3 19. Qxe3 Ne5 20. Nxe5 Rxd2 21. Qxd2 Qxe5 {1-0 (40) Orsag,M (2428)-Trmal,J (2286) Czechia 2008}) 10... Nxe4 (10... cxd4 $11 11. Nxf6+ (11. exd4 Bb7 $11) 11... Bxf6) 11. Bxe4 Ra7 12. dxc5 Bxc5 13. Bxh7+ Kxh7 14. Qc2+ Kg8 15. Qxc5 Rc7 16. Qh5 f6 17. Bd2 e5 18. Ba5 Qe7 19. Bxc7 Qxc7 20. Nh4 Bd7 21. Rac1 Qd8 22. Rfd1 Qb6 23. Rxd7 Nxd7 24. Nf5 Qe6 25. Qg4 Qxf5 26. Qxf5 Nb6 27. Qe6+ Kh8 28. Rc7 Rd8 29. g3 Nd5 30. Ra7 Nb4 31. Qf7 Rd1+ 32. Kg2 Rd7 33. Rxd7 1-0

[Event "FIDE WCCC U8 2018"]
[Site "Santiago de Compostela"]
[Date "2018.11.15"]
[Round "11"]
[White "Begmuratov, Khumoyun"]
[Black "Azadaliyev, Jahandar"]
[Result "1/2-1/2"]
[ECO "B17"]
[WhiteElo "1880"]
[BlackElo "1674"]
[Annotator "NA"]
[PlyCount "128"]
[EventDate "2018.11.04"]
[EventType "swiss"]
[EventCountry "ESP"]
[SourceTitle "playchess.com"]
[Source "ChessBase"]
[SourceQuality "1"]
[TimeControl "40/5400+30:1800+30"]

1. e4 c6 2. d4 d5 3. Nd2 dxe4 4. Nxe4 Nd7 5. Nf3 Ngf6 6. Nc3 Nb6 {[%emt 0:01:38] LiveBook: 5 Games B17: Caro-Kann: Modern Line (4...Nd7)} 7. h3 Bf5 (7... g6 8. Bd3 Bg7 9. O-O O-O 10. Re1 Qc7 11. Bg5 e6 12. Ne5 Nfd5 13. Bh4 Nd7 14. Ne4 Nxe5 15. dxe5 Bxe5 {1-0 (54) Paravyan,D (2620)-Bocharov,D (2594) Sochi 2018}) 8. Bd3 Bxd3 9. Qxd3 e6 10. O-O Bd6 11. Ne2 h6 $146 ({Predecessor:} 11... Qc7 12. c4 Be7 13. Bf4 Qd7 14. Ne5 {1-0 (29) Kravtsov,V (1961)-Krabbenbos,J (1551) LSS email 2010}) 12. c4 O-O 13. b3 Nbd7 14. Bb2 Qa5 15. Rad1 Rad8 16. Qc2 Qh5 17. Rfe1 Rfe8 18. Nc3 a6 19. Ne4 Nxe4 20. Qxe4 Nf6 21. Qc2 Qf5 22. Qc3 Ne4 23. Qe3 Ng5 24. Nxg5 hxg5 25. Qe4 Qxe4 26. Rxe4 f6 27. g3 Kf7 28. Kg2 Rc8 29. Bc3 b6 30. b4 Rcd8 31. a4 Rd7 32. Rde1 Rde7 33. Kf3 Rd8 34. R4e3 Bc7 35. Ke4 Kg6 36. Kf3 Kf7 37. Kg2 Bd6 38. Rd1 Bc7 39. Rde1 Bd6 40. R3e2 Bc7 41. Kf3 Ree8 42. h4 gxh4 43. gxh4 Re7 44. Kg4 Bb8 45. f4 f5+ 46. Kg3 Bc7 47. Kf3 g6 48. Rg1 Rh8 49. Rh2 Rh6 50. Rg5 Rh5 51. Rxh5 gxh5 52. Rg2 Bd8 $11 53. d5 cxd5 54. cxd5 exd5 55. Be5 Re6 56. Rg7+ Ke8 57. Rh7 Bxh4 58. Rxh5 Bf6 59. Rxf5 Bxe5 60. Rxe5 Rxe5 61. fxe5 Ke7 62. Ke3 Kd7 63. Kd3 Ke7 64. Kc3 Kd7 1/2-1/2

[Event "FIDE WCCC U8 2018"]
[Site "Santiago de Compostela"]
[Date "2018.11.15"]
[Round "11"]
[White "Nurgaliyev, Sauat"]
[Black "Lu, Miaoyi"]
[Result "0-1"]
[ECO "B19"]
[WhiteElo "1764"]
[BlackElo "1717"]
[Annotator "NA"]
[PlyCount "74"]
[EventDate "2018.11.04"]
[EventType "swiss"]
[EventCountry "ESP"]
[SourceTitle "playchess.com"]
[Source "ChessBase"]
[SourceQuality "1"]
[TimeControl "40/5400+30:1800+30"]

1. e4 c6 2. d4 d5 3. Nd2 dxe4 4. Nxe4 Bf5 5. Ng3 Bg6 6. h4 h6 7. Nf3 Nd7 8. h5 Bh7 9. Bd3 Bxd3 10. Qxd3 e6 11. Bd2 Ngf6 12. O-O-O Be7 13. Ne4 Nxe4 14. Qxe4 Nf6 15. Qd3 O-O 16. g4 Nxg4 17. Qe2 Nf6 18. Rhg1 Kh8 19. c4 b5 20. Ne5 bxc4 21. f3 Nd5 22. Qxc4 Rc8 23. Kb1 c5 24. dxc5 Bxc5 25. Rge1 Bf2 26. Nc6 Bxe1 27. Rxe1 Qb6 28. Qd4 Rxc6 29. Qe5 f6 30. Qe2 Rb8 31. b3 a5 32. Bxh6 Nc3+ 33. Ka1 Nxe2 34. Bxg7+ Kxg7 35. Rxe2 Qd4+ 36. Kb1 Qd1+ 37. Kb2 Qc1# 0-1

[Event "FIDE WCCC U8 2018"]
[Site "Santiago de Compostela"]
[Date "2018.11.15"]
[Round "11"]
[White "Schnaider, Ilan"]
[Black "Chen, Ryo"]
[Result "1-0"]
[ECO "B70"]
[WhiteElo "1723"]
[BlackElo "1573"]
[Annotator "NA"]
[PlyCount "51"]
[EventDate "2018.11.04"]
[EventType "swiss"]
[EventCountry "ESP"]
[SourceTitle "playchess.com"]
[Source "ChessBase"]
[SourceQuality "1"]
[TimeControl "40/5400+30:1800+30"]

1. e4 c5 2. Nf3 d6 3. d4 cxd4 4. Nxd4 Nf6 5. Nc3 g6 6. g3 Bg7 7. Bg2 O-O 8. O-O Nc6 9. Nde2 Rb8 10. a4 a6 11. Be3 b5 12. axb5 axb5 13. h3 Bd7 14. Nd5 Nxd5 15. exd5 Na5 16. Bd4 Bxd4 17. Nxd4 Qc7 18. Qe1 Nc4 19. Qxe7 Rfe8 20. Qf6 Nxb2 21. Ra6 Rb6 22. Rxb6 Qxb6 23. Nc6 Nc4 24. Ne7+ Kf8 25. Re1 Ne5 26. Rxe5 1-0

[Event "FIDE WCCC U8 2018"]
[Site "Santiago de Compostela"]
[Date "2018.11.15"]
[Round "11"]
[White "Usov, Aleksandr E."]
[Black "Khazhatuly, Alikhan"]
[Result "1-0"]
[ECO "D58"]
[WhiteElo "1640"]
[BlackElo "1474"]
[Annotator "NA"]
[PlyCount "97"]
[EventDate "2018.11.04"]
[EventType "swiss"]
[EventCountry "ESP"]
[SourceTitle "playchess.com"]
[Source "ChessBase"]
[SourceQuality "1"]
[TimeControl "40/5400+30:1800+30"]

1. d4 d5 2. c4 e6 3. Nc3 Nf6 4. Bg5 Be7 5. e3 h6 6. Bh4 O-O 7. Nf3 b6 8. cxd5 exd5 9. Bd3 Bb7 10. O-O Nbd7 11. Rc1 c5 12. Bc2 Rc8 13. Bf5 cxd4 14. Nxd4 Ra8 15. Ncb5 a6 16. Nc3 Ne5 17. Qe2 Nfd7 18. Bxe7 Qxe7 19. Bxd7 Qxd7 20. Rfd1 Rfd8 21. Qh5 Ng6 22. Rd2 Qe7 23. Rcd1 Qe5 24. Qe2 Rd7 25. Nc2 Rad8 26. Rd4 b5 27. Qg4 Qe6 28. Qh5 Ne7 29. R4d2 f5 30. Nd4 Qf6 31. Nb3 Qc6 32. Na5 Qb6 33. Nxb7 Qxb7 34. Ne2 Qc6 35. Rc1 Qb6 36. Nd4 Qf6 37. Rdc2 g5 38. Qe2 Kg7 39. Qd3 Rd6 40. Qa3 R8d7 41. Rc7 Kf7 42. Qc5 Rxc7 43. Qxc7 Kg7 44. Nxf5+ Qxf5 45. Qxe7+ Qf7 46. Qxd6 Qf6 47. Qxd5 Qxb2 48. Rc7+ Kg6 49. Qf7# 1-0